AoeStats
← Erickinio

Arabia

508896753Analyzed
3v3 RM · 8d ago on Sep 24, 2026· 26m 10s· 6 players
Game mode
Random Map
Map size
Normal (6 player)
Population
200
Speed
Normal
Resources
Standard
Victory
Conquest
Starting age
Dark Age
Ending age
Imperial Age
RankedLock teamsTeams togetherTeam positionsShared explorationLock speedFull tech treeHidden civsTurbo modeCheats
Victory
Defeat
🇺🇦 Vikings · Ukraine
927
+13
🇺🇦 Varangians · Ukraine
916
+13
🇺🇦 Magyars · Ukraine
900
+14
🇦🇷 Celts · Argentina
895
-15
🇨🇷 Huns · Costa Rica
842
-13
🇬🇧 Inca · United Kingdom
831
-12
beccTpawHuu
5:03 Loom
11:39 Feudal Age
18:16 Castle Age
17:21 Double-Bit Axe
17:22 Horse Collar
19:14 Bow Saw
19:54 Heavy Plow
22:48 Fletching
22:59 Padded Archer Armor
23:22 Padded Archer Armor
23:48 Gold Mining
25:04 Bodkin Arrow
26:46 Leather Archer Armor
S.T.A.L.K.E.Rочок)
10:28 Feudal Age
11:29 Horse Collar
11:37 Double-Bit Axe
16:39 Bloodlines
roman428
7:27 Loom
10:33 Feudal Age
14:42 Castle Age
12:53 Double-Bit Axe
16:32 Bow Saw
21:45 Forging
21:36 Scale Mail Armor
21:23 Horse Collar
22:30 Arson
24:35 Scale Mail Armor
26:26 Heavy Plow
mandalvarado
3:56 Loom
10:40 Feudal Age
12:02 Double-Bit Axe
21:36 Castle Age
22:06 Pikeman
23:36 Squires
TheBunjiMunji
3:38 Loom
12:13 Feudal Age
17:37 Castle Age
16:36 Double-Bit Axe
16:31 Horse Collar
20:51 Forging
Erickinio
Connection lost

Rejoining the realm…

Still unreachable

The connection could not be restored.

Session expired

The server has moved on; the page needs a fresh start.